 Dungeon Crawl Stone Soup version 0.28.0 (webtiles) character file.

Game seed: 3937267651388392665

117 ProzacElf the Cudgeller (level 4, -3/37 HPs)
             Began as a Palentonga Fighter on Feb 15, 2022.
             Slain by a gnoll (9 damage)
             ... on level 2 of the Dungeon.
             The game lasted 00:02:34 (1907 turns).

ProzacElf the Cudgeller (Palentonga Fighter)        Turns: 1907, Time: 00:02:35

Health: -3/37      AC:  6    Str: 19    XL:     4   Next: 71%
Magic:  4/4        EV:  7    Int:  8    God:
Gold:   77         SH:  4    Dex: 12    Spells: 3/3 levels left

rFire   . . .      SeeInvis +   a - +0 flail
rCold   . . .      Faith    .   c - +0 buckler
rNeg    . . .      Spirit   .   b - +0 scale mail
rPois   .          Reflect  .   (no helmet)
rElec   .          Harm     .   (no cloak)
rCorr   .          Rampage  .   (no gloves)
Will    .....                   (no barding)
Stlth   ..........              (no amulet)
HPRegen 0.12/turn               (no ring)
MPRegen 0.09/turn               (no ring)

@: no status effects
A: large, rugged brown scales 3, see invisible, deformed body, roll 1, armoured
tail
a: Rolling Charge


You were on level 2 of the Dungeon.
You visited 1 branch of the dungeon, and saw 2 of its levels.

You collected 77 gold pieces.

Inventory:

Hand Weapons
 a - a +0 flail (weapon)
Missiles
 f - 84 stones
Armour
 b - a +0 scale mail (worn)
 c - a +0 buckler (worn)
Magical Staves
 n - a staff of death
Jewellery
 o - a ring of protection from cold
Scrolls
 i - 4 scrolls of identify {unknown}
 k - 2 scrolls of blinking {unknown}
 m - a scroll of immolation {unknown}
Potions
 d - a potion of might
 e - a potion of berserk rage {unknown}
 g - a potion of haste {unknown}
 h - 2 potions of curing {unknown}
 j - a potion of mutation {unknown}
 l - a potion of magic {unknown}


   Skills:
 - Level 3.0 Fighting
 + Level 3.7 Maces & Flails
 + Level 3.6 Armour
 - Level 2.4 Shields


You had 3 spell levels left.
You didn't know any spells.
Your spell library was empty.

Dungeon Overview and Level Annotations

Branches:
Dungeon (2/15)

Altars:


Innate Abilities, Weirdness & Mutations

You are completely covered in rugged brown scales. (AC +3, +7% HP)
You have supernaturally acute eyesight. (SInv)
Armour fits poorly on your strangely shaped body.
You can roll at nearby foes to attack.
You have a long armoured tail.


Message History

Tha gnoll be heavily wounded.
Ye hear a shout! x2
Tha gnoll hits ye wit' a +0 halberd!
Tha gnoll hits ye wit' a +0 halberd.
Ye take 13 damage, an' haf 20/37 hp.
MASSIVE DAMAGE!!
Ye hit tha gnoll.
Ye tail-slap tha gnoll.
Ye kill tha gnoll!
Jessica points at ye an' mumbles some strange words.
Pain shoots through yer body!
Ye take 5 damage, an' haf 15/37 hp.
Thin's tha be 'ere: a +0 halberd; a gnoll corpse Ye sock Jessica!
Jessica be severely wounded.
Jessica barely misses ye.
Jessica hits ye wit' a +0 club.
Ye take 4 damage, an' haf 12/37 hp.
Ye barely miss Jessica.
Jessica be severely wounded.
Jessica barely misses ye.
Ye closely miss Jessica.
Jessica be severely wounded.
Jessica points at ye an' mumbles some strange words.
Ye barely resist.
Ye sock Jessica!
Ye kill Jessica!
A gnoll comes inta view.
It be wieldin' a +0 flail.
Tha gnoll shouts!
Ye hear a shout!
Thin's tha be 'ere: a +0 club; a +0 robe Thin's tha be 'ere: a +0 halberd; a gnoll corpse Roll where?
Press: ? - help, Dir - move target, f - gnoll
Aim: a gnoll, wieldin' a +0 flail Ye roll forward wit' a clatter o' scales!
Ye hit tha gnoll but do nay damage.
Tha gnoll hits ye wit' a +0 flail.
Tha gnoll hits ye wit' a +0 flail!
* * * LOW HITPOINT WARNIN'
* * * Ye take 10 damage, an' haf 5/37 hp.
MASSIVE DAMAGE!!
Ye barely miss tha gnoll.
Tha gnoll hits ye wit' a +0 flail!
Ye die...

######.#####
###...........
.........####
#.......# #.......#
#.......# #...)..####
# ######## ##...#.....
#.#.g@°..#####.#####.#
#.#.####..>....# #.#
#......#.......# #.#
###.##.#.......# #..
#....#......## ...
#...........# .##
##.########## . . #.#
#. #)#


You could see a gnoll.

Vanquished Creatures
  A hound (D:2)
  Jessica (D:2)
  A gnoll (D:2)
  An adder (D:2)
  A dart slug (D:1)
  2 bats (D:1)
  7 endoplasms
  A giant cockroach (D:1)
  6 hobgoblins
  3 jackals (D:1)
  A quokka (D:2)
  3 ball pythons
  3 frilled lizards (D:1)
  4 kobolds
  3 rats (D:1)
38 creatures vanquished.

Notes
Turn   | Place    | Note
-------+----------+-------------------------------------------
     0 | D:1      | ProzacElf the Palentonga Fighter began the quest for the
                  | Orb.
     0 | D:1      | Reached XP level 1. HP: 19/19 MP: 1/1
   194 | D:1      | You fall into a shaft and drop 1 floor!
   213 | D:2      | Noticed a hound
   223 | D:2      | Killed a hound
   224 | D:2      | Reached XP level 2. HP: 12/25 MP: 2/2
   224 | D:2      | Reached XP level 3. HP: 15/31 MP: 3/3
  1584 | D:2      | Reached XP level 4. HP: 34/37 MP: 4/4
  1859 | D:2      | Noticed Jessica
  1879 | D:2      | Killed Jessica
  1907 | D:2      | Slain by a gnoll

Illustrated notes

Levels and vault maps discovered:
D:1:      eino_arrival_cavern_a, layout_loops_corners, hex_tiny,
          minmay_small_reverse_x
D:2:      layout_loops_cross, uniq_jessica

Skill      XL: |  1  2  3 |
---------------+----------+-----
Armour         | 3 |  3.6
Maces & Flails | 3 |  3.7
Fighting       | |  3.0
Shields        | |  2.4

Action                   |  1- 3 |  4- 6 || total
-------------------------+-------+-------++-------
Melee: Flail             |    91 |    17 ||   108
       Tailslap          |     5 |     4 ||     9
 Abil: Rolling Charge    |     1 |     2 ||     3
Armor: Scale mail        |    50 |     3 ||    53
Dodge: Dodged            |    35 |     3 ||    38
Block: Buckler           |    17 |     2 ||    19
